 Dungeon Crawl Stone Soup version 0.16.2-12-gd0ad4c3 (webtiles) character file.

58 Noob the Sneak (level 3, 0/24 HPs)
             Began as a Vampire Enchanter on Sept 14, 2015.
             Slain by a worm (10 damage)
             ... on level 2 of the Dungeon.
             The game lasted 00:41:03 (2178 turns).

Noob the Sneak (Vampire Enchanter)                  Turns: 2178, Time: 00:41:03

Health: 0/24       AC:  3    Str:  7    XL:     3   Next: 75%
Magic:  4/6        EV: 13    Int: 17    God:
Gold:   46         SH:  0    Dex: 15    Spells: 3 memorised, 1 level left

rFire  . . .     SeeInvis +     a - +1 dagger
rCold  . . .     Clarity  .     b - +1 robe
rNeg   + . .     SustAb   .     (no shield)
rPois  .         Gourm    .     (no helmet)
rElec  .         Spirit   .     (no cloak)
rCorr  .         Warding  .     (no gloves)
rMut   .         Stasis   .     (no boots)
MR     .....                    (no amulet)
Stlth  +++.......               (no ring)
                                (no ring)

@: not resistant to hostile enchantments, fairly stealthy
A: bottle blood, fangs 3, see invisible, unbreathing
a: Bat Form


You were on level 2 of the Dungeon.
You were not thirsty.

You visited 1 branch of the dungeon, and saw 2 of its levels.

You collected 46 gold pieces.

Inventory:

Hand weapons
 a - a +1 dagger (weapon)
 m - a +0 hunting sling
Missiles
 e - 4 needles of confusion
 f - 19 sling bullets
 g - 25 stones (quivered)
Armour
 b - a +1 robe (worn)
Scrolls
 i - a scroll of fog {unknown}
 j - a scroll of noise {unknown}
 k - a scroll of recharging {unknown}
 l - a scroll of identify {unknown}
Potions
 d - a potion of blood
Books
 c - a book of Maledictions

   Spells                             Type                      Level
   a - Corona                         Hexes                        1
   b - Sure Blade                     Hexes/Charms                 2
   c - Ensorcelled Hibernation        Hexes/Ice                    2
   d - Confuse                        Hexes                        3
   e - Dazzling Spray                 Conjuration/Hexes            3
   f - Enslavement                    Hexes                        4


   Skills:
 + Level 0.1 Fighting
 + Level 1.3 Short Blades
 + Level 2.8 Dodging
 + Level 5.3 Stealth
 + Level 2.3 Spellcasting
 + Level 5.1 Hexes
 + Level 0.4 Charms


You had one spell level left.
You knew the following spells:

 Your Spells              Type           Power        Failure   Level  Hunger
a - Corona                Hex            ###....      2%          1    #......
b - Ensorcelled Hibernat  Hex/Ice        ##....       12%         2    ###....
c - Sure Blade            Hex/Chrm       ##........   12%         2    ###....


Dungeon Overview and Level Annotations

Branches:
Dungeon (2/15)

Altars:


Innate Abilities, Weirdness & Mutations

You can bottle blood from corpses.
You have razor-sharp teeth.
You have supernaturally acute eyesight.
You can survive without breathing.


Message History

You hit the worm.
The worm is lightly wounded.
You hit the worm.
The worm is lightly wounded.
The worm bites you!
You hit the worm but do no damage. You bite the worm, but do no damage.
The worm is lightly wounded.
You hit the worm.
The worm is moderately wounded.
The bond with your blade fades away. The worm misses you.
You hit the worm. You bite the worm, but do no damage.
The worm is moderately wounded.
You hit the worm but do no damage. You bite the worm, but do no damage.
The worm is moderately wounded.
The worm stops glowing.
You hit the worm.
The worm is moderately wounded.
The worm bites you!
You die...

# .# ####.##
..#########.....####
...........w@......+
..#########.#...####
#.##.## #.# ## #.#
#.# #+# #.# #.# #.#
#.# #.#### ##.####


You could see a worm.

Vanquished Creatures
  A worm (D:1)
  6 oozes
  A ball python (D:1)
  3 bats (D:1)
  4 goblins (D:1)
  5 hobgoblins (D:1)
  5 jackals (D:1)
  4 kobolds (D:1)
  7 giant cockroaches
  A giant newt (D:1)
  4 rats (D:1)
41 creatures vanquished.

Notes
Turn   | Place    | Note
--------------------------------------------------------------
     0 | D:1      | Noob, the Vampire Enchanter, began the quest for the Orb.
     0 | D:1      | Reached XP level 1. HP: 13/13 MP: 3/3
     3 | D:1      | Found a runed door.
   348 | D:1      | Reached XP level 2. HP: 17/19 MP: 2/4
   365 | D:1      | Reached skill level 5 in Stealth
   369 | D:1      | Learned a level 2 spell: Ensorcelled Hibernation
   372 | D:1      | Learned a level 2 spell: Sure Blade
  1542 | D:1      | Reached XP level 3. HP: 24/24 MP: 3/6
  1544 | D:1      | Reached skill level 5 in Hexes
  2178 | D:2      | Slain by a worm

Action                   || total
-------------------------++-------
Melee: Dagger            ||   192
Throw: Stone             ||     4
 Cast: Corona            ||    15
       Sure Blade        ||    19
       Ensorcelled Hiber ||     1
  Use: Scroll            ||     1
       Potion            ||     2
 Stab: Sleeping          ||     6
  Eat: Corpse            ||    10
